 Dungeon Crawl Stone Soup version 0.31-a0-1338-gb567cfdca4 (webtiles) character file.

Game seed: 10318876308688300158

47 Curundu the Poker (level 3, -1/33 HPs)
             Began as a Minotaur Berserker on Dec 22, 2023.
             Was a Follower of Trog.
             Slain by a goblin
             ... wielding a +0 dagger
              (2 damage)
             ... on level 2 of the Dungeon.
             The game lasted 00:02:10 (702 turns).

Curundu the Poker (Minotaur Berserker)               Turns: 702, Time: 00:02:11

Health: -1/33      AC:  2    Str: 29    XL:     3   Next: 48%
Magic:  2/2        EV: 12    Int:  4    God:    Trog [*.....]
Gold:   55         SH:  0    Dex:  9    Spells: 2/2 levels left

rFire   . . .        h - +2 dagger (venom)
rCold   . . .        (no shield)
rNeg    . . .        b - +0 animal skin
rPois   .            (helmet restricted)
rElec   .            (no cloak)
rCorr   .            (no gloves)
SInv    .            (no boots)
Will    .....        (no amulet)
Stlth   +            d - +6 ring of strength
HPRegen 0.25/turn    (no ring)
MPRegen 0.08/turn

%: no passive effects
@: no status effects
A: horns 2, retaliatory headbutt
a: Renounce Religion, Berserk


You were on level 2 of the Dungeon.
You worshipped Trog.
Trog was aware of your devotion.
You visited 1 branch of the dungeon, and saw 2 of its levels.

You collected 55 gold pieces.

Inventory:

Hand Weapons
 a - a +0 spear
 h - a +2 dagger of venom (weapon)
Armour
 b - a +0 animal skin (worn)
Jewellery
 d - a +6 ring of strength (left hand)
Scrolls
 c - a scroll of fear {unknown}
 f - a scroll of enchant weapon {unknown}
 g - a scroll of amnesia {unknown}
Potions
 e - a potion of attraction {unknown}


   Skills:
 + Level 4.3 Fighting
 + Level 4.7 Polearms
 + Level 2.6 Armour
 + Level 2.5 Dodging


You had 2 spell levels left.
You didn't know any spells.
Your spell library was empty.

Dungeon Overview and Level Annotations

Branches:
Dungeon (2/15)

Altars:

Shops:
D:1 :


Innate Abilities, Weirdness & Mutations

You have a pair of horns on your head.
You reflexively headbutt those who attack you in melee.


Message History

A goblin comes into view. It is wielding a +0 dagger.
The gnoll shouts!
The goblin shouts!
The gnoll hits you with a +0 flail.
You barely miss the gnoll. The gnoll barely misses you.
You hit the gnoll.
The gnoll is poisoned.
You headbutt the gnoll, but do no damage.
The gnoll is lightly wounded.
You hit the gnoll.
The gnoll is poisoned.
You headbutt the gnoll.
The gnoll is lightly wounded.
The gnoll barely misses you. x2
You hit the gnoll.
The gnoll looks as sick as possible!
Your headbutt misses the gnoll.
The gnoll is moderately wounded.
The gnoll barely misses you.
The gnoll hits you from afar with a +0 spear!
The gnoll hits you with a +0 club. The gnoll hits you with a +0 flail.
* * * LOW HITPOINT WARNING * * *
You kill the gnoll!
Trog accepts your kill.
You have reached level 3!
Your experience leads to an increase in your attributes!
Your base attributes are Str 21, Int 4, Dex 9.
Increase (S)trength, (I)ntelligence, or (D)exterity?
You feel stronger. x2
You hit the gnoll.
The gnoll looks as sick as possible!
You headbutt the gnoll.
You kill the gnoll!
Trog accepts your kill. The goblin misses you. The goblin barely misses you.
The gnoll hits you with a +0 spear.
* * * LOW HITPOINT WARNING * * *
Things that are here:
a +0 flail; a gnoll corpse You hit the gnoll.
The gnoll is poisoned.
The gnoll is lightly wounded.
The goblin barely misses you. The gnoll misses you.
You barely miss the gnoll.
The gnoll is lightly wounded.
The goblin hits you with a +0 dagger.
You die...

###. #.# ........
....#.# #.....
##..#.###
#.......#
#.#...#.#g########
.......g@.<.......
#....#####.#######
#.. .... # ##.#...
..#.### ... # ...
.###


You could see a gnoll (very poisoned) and a goblin.

Vanquished Creatures
  2 gnolls (D:2)
  A dart slug (D:1)
  2 endoplasms (D:1)
  2 giant cockroaches (D:1)
  2 goblins (D:1)
  2 hobgoblins (D:1)
  4 kobolds (D:1)
  2 quokkas (D:1)
  3 ball pythons (D:1)
  A bat (D:1)
  3 rats (D:1)
24 creatures vanquished.

Notes
Turn   | Place    | Note
-------+----------+-------------------------------------------
     0 | D:1      | Curundu the Minotaur Berserker began the quest for the Orb.
     0 | D:1      | Reached XP level 1. HP: 19/19 MP: 0/0
    70 | D:1      | You fall into a shaft and drop 1 floor!
   104 | D:1      | Reached XP level 2. HP: 16/27 MP: 1/1
   307 | D:1      | Found Imituj's Book Emporium.
   699 | D:2      | Reached XP level 3. HP: 5/33 MP: 2/2
   700 | D:2      | HP: 1/33 [gnoll/+0 spear (5)]
   702 | D:2      | Slain by a goblin

Illustrated notes

Levels and vault maps discovered:
D:1:      matt_arrival_refuge, layout_rooms, serial_shops, shop
D:2:      layout_basic, dreamdust_ecumenical_altar_drowned_temple,
          serial_bayou_lagoon_a

Skill      XL: |  1  2 |
---------------+-------+-----
Polearms       | 4 |  4.7
Fighting       | 4 |  4.3
Armour         | |  2.6
Dodging        | |  2.5

Action                     || total
---------------------------++-------
  Melee: Spear             ||    42
         Dagger            ||    11
         Headbutt          ||     6
 Armour: Animal skin       ||    32
  Dodge: Dodged            ||    36

Table legend: (Time is in decaauts)
 A = Elapsed time spent in this place.
 B = Non-inter-level travel time spent in this place.
 C = Inter-level travel time spent in this place.
 D = Time resting spent in this place.
 E = Time spent auto-exploring this place.
 F = Levels seen in this place.
 G = Mean time per level.
                   A        B        C        D        E       F      G
               +--------+--------+--------+--------+--------+-----+--------+
         Total |    695 |    695 |      0 |      0 |    523 |   2 |  347.5 |
       Dungeon |    695 |    695 |      0 |      0 |    523 |   2 |  347.5 |
               +--------+--------+--------+--------+--------+-----+--------+

Top non-repeatable levels by time:
     D:1: 662 daAuts
     D:2: 33 daAuts
